Cogmind - Beta 13 @@@ ROGUE MODE // 2024.04.01 @ 07:31:48 Player: Ryusho Result: Self-destructed Performance ------------- Evolutions (1) 500 Regions Visited (3) 600 Robots Destroyed (35) 175 Value Destroyed (694) 694 Prototype IDs (2) 40 Alien Tech Used (0) 0 Bonus (0) 0 TOTAL SCORE: 2009 Bonus ------- None Cogmind --------- Core Integrity 253/400 Matter 220/300 Energy 100/100 System Corruption 1% Temperature Cool (0) Movement Rolling (120) Ox2 Location -9/Materials Parts ------- > --- POWER (1) -------- (None) > --- PROPULSION (2) --- Wheel Compact Wheel > --- UTILITY (4) ------ Large Storage Unit High-capacity Storage Unit > --- WEAPON (2) ------- (None) > --- INVENTORY (20) --- Datajack Peak State ------------ > --- POWER ------------ Ion Engine > --- PROPULSION ------- Aluminum Leg Aluminum Leg > --- UTILITY ---------- Large Storage Unit Light Armor Plating > --- WEAPON ----------- Assault Rifle Assault Rifle > --- INVENTORY -------- Light Treads Wheel Compact Wheel High-capacity Storage Unit Assault Rifle Datajack [Rating: 7] Favorites ----------- Power Ion Engine Engine Ion Engine Propulsion Aluminum Leg Treads Light Treads Leg Aluminum Leg Wheel Wheel Utility Large Storage Unit Storage Large Storage Unit Protection Light Armor Plating Weapon Assault Rifle Energy Gun EM Pulse Gun Ballistic Gun Assault Rifle Impact Weapon Hammer Special Melee Weapon Datajack Build | -11 -10 -10 -9 ------- Run | Yrd Mat Min Mat Slots Evolved 2 | . . . 2 Power . | . . . . Propulsion . | . . . . Utility 2 | . . . 2 Weapon . | . . . . Parts Attached 26 | 5 12 3 6 Power 3 | 1 1 . 1 Engine 3 | 1 1 . 1 Core . | . . . . Reactor . | . . . . Propulsion 8 | 2 3 1 2 Treads 4 | 2 1 1 . Leg 2 | . 2 . . Wheel 2 | . . . 2 Hover . | . . . . Flight . | . . . . Utility 4 | 1 2 . 1 Device . | . . . . Storage 3 | 1 1 . 1 Processor . | . . . . Hackware . | . . . . Protection 1 | . 1 . . Artifact . | . . . . Weapon 11 | 1 6 2 2 Energy Gun 2 | 1 1 . . Energy Cannon . | . . . . Ballistic Gun 6 | . 4 1 1 Ballistic Cannon . | . . . . Launcher . | . . . . Special Weapon . | . . . . Impact Weapon 1 | . . . 1 Slashing Weapon . | . . . . Piercing Weapon . | . . . . Special Melee Weapon 2 | . 1 1 . Unidentified Prototypes . | . . . . Parts Lost 12 | . 2 1 9 Power 2 | . . . 2 Propulsion 4 | . 1 1 2 Utility 1 | . . . 1 Weapon 5 | . 1 . 4 Highest Loss Streak 9 | . 1 1 9 To Critical Strikes . | . . . . Average Slot Usage (%) 86 | . 80 98 64 Engine 13 | . 14 14 9 Treads 6 | . 3 11 9 Leg 18 | . 22 15 7 Storage 13 | . 14 14 12 Protection 6 | . . 14 7 Ballistic Gun 23 | . 21 27 16 Special Melee Weapon 1 | . 3 . . Naked Turns . | . . . . Heaviest Build 65 | 12 32 32 65 Greatest Support 40 | 40 40 20 26 Greatest Overweight (x) 8 | 1 8 3 6 Average Overweight (x) . | . . 1 1 Largest Inventory Capacity 20 | 8 15 15 20 Average Capacity 13 | 7 13 15 15 Most Carried 9 | 5 9 7 7 Average Carried 5 | 4 5 6 5 Final Capacity 20 | 8 15 15 20 Final Carried 7 | 5 6 7 1 Class Distribution -------------------- 100% | Mutant Dominant Class ---------------- Mutant | -10/Materials Mutant | -10/Mines Mutant | -9/Materials Resources | -11 -10 -10 -9 ----------- Run | Yrd Mat Min Mat Matter Collected 661 | 236 192 192 41 Remotely . | . . . . Salvage Created 893 | . 593 120 180 Parts 79 | . 43 18 18 Haulers Intercepted . | . . . . Recyclers Shooed 1 | . . . 1 Parts Field Recycled . | . . . . Retrieved Matter . | . . . . Parts Self-Destructed . | . . . . Prevented . | . . . . Kills | -11 -10 -10 -9 ------- Run | Yrd Mat Min Mat Combat Hostiles Destroyed 28 | . 13 8 7 Melee 1 | . . . 1 Guns 26 | . 12 8 6 AOE 1 | . 1 . . Classes Destroyed 7 | . 7 . . Worker 1 | . 1 . . Builder 1 | . 1 . . Recycler 1 | . 1 . . Operator 2 | . 2 . . Watcher 2 | . 2 . . Swarmer 15 | . 3 8 4 Grunt 13 | . 10 . 3 Best Kill Streak 4 | . 4 3 4 Combat Bots Only 4 | . 3 3 4 Max Kills in Single Turn 2 | . 1 2 2 Gunslinging 1 | . . 1 1 Exploded 1 | . 1 . . Melee 1 | . . . 1 Uniques/NPCs Destroyed . | . . . . Combat | -11 -10 -10 -9 -------- Run | Yrd Mat Min Mat Hostile Shots Fired 237 | . 112 30 95 Missed 74 | . 35 8 31 Damage Taken 1907 | . 927 176 804 Core 375 | . 183 45 147 Absorbed by Shields . | . . . . Regen/Repaired (Parts) 117 | . 117 . . Core Remaining (%) 54 | 100 . 8 . Volleys Fired 126 | . 91 15 20 Largest 2 | . 2 2 2 Hottest 60 | . 60 40 40 Shots Fired 195 | . 134 30 31 Gun 195 | . 134 30 31 Cannon . | . . . . Launcher . | . . . . Special . | . . . . Kinetic 179 | . 118 30 31 Thermal 4 | . 4 . . Explosive . | . . . . Electromagnetic 12 | . 12 . . Robot Hit Streak 24 | . 24 3 18 Robot Miss Streak 5 | . 5 2 3 Penetration Max . | . . . . Secondary Targets 5 | . 2 1 2 Max Gunslinging Chain 1 | . 1 1 1 Shots Hit Robots 127 | . 84 15 28 Core Hits 56 | . 39 8 9 Critical Kills . | . . . . Critical Parts Destroyed 2 | . 1 1 . Critical Strikes 2 | . 1 1 . Destroy 2 | . 1 1 . Melee Attacks 5 | . . 1 4 Impact 4 | . . . 4 Slashing . | . . . . Piercing . | . . . . Sneak Attacks . | . . . . Combat Hostiles . | . . . . Follow-up Attacks . | . . . . Damage Inflicted 1688 | . 1039 184 465 Guns 1443 | . 916 184 343 Cannons . | . . . . Explosions 120 | . 120 . . Melee 122 | . . . 122 Ramming 3 | . 3 . . Kinetic 1283 | . 756 184 343 Thermal 144 | . 144 . . Explosive . | . . . . Electromagnetic 136 | . 136 . . Impact 122 | . . . 122 Slashing . | . . . . Piercing . | . . . . Highest Corruption 1 | . . . 1 Average Corruption 1 | . . . 1 Corruption Purged . | . . . . Corruption Blocked . | . . . . Overload Shots . | . . . . Overflow Damage 12 | . 10 . 2 Projectiles . | . . . . Explosions 10 | . 10 . . Melee 2 | . . . 2 Knockbacks . | . . . . Impact . | . . . . Kinetic . | . . . . Secondary . | . . . . Self-Inflicted Damage 31 | . 31 . . Shots 1 | . 1 . . Rammed 2 | . 2 . . Targets Rammed 5 | . 5 . . Kicked 3 | . 3 . . Crushed . | . . . . Highest Temperature 40 | . 40 . . Average Temperature 11 | . 11 . . Received Heat Transfer 720 | . 462 . 258 Siege Activations . | . . . . Robots Corrupted . | . . . . Combat Hostiles . | . . . . Parts Fried . | . . . . Impact Corruptions 1 | . . . 1 Robots Melted . | . . . . Combat Hostiles . | . . . . Parts Melted . | . . . . Heat Transferred 150 | . 150 . . Parts Sabotaged . | . . . . Parts Stolen . | . . . . Parts Stripped . | . . . . Power Chain Reactions 3 | . 3 . . Alert | -11 -10 -10 -9 ------- Run | Yrd Mat Min Mat Peak Influence 260 | . 184 260 183 Initial 35 | . . 35 23 Average 52 | . 66 47 79 Maximum Alert Level 1 | . . 1 . Low Security (%) 99 | 100 100 97 100 Level 1 . | . . 2 . Level 2 . | . . . . Level 3 . | . . . . Level 4 . | . . . . Level 5 . | . . . . High Security . | . . . . Max Security . | . . . . Squads Dispatched 5 | . 3 . 2 Investigation 1 | . 1 . . Extermination . | . . . . Reinforcement 4 | . 2 . 2 Assault . | . . . . Garrison . | . . . . Intercept . | . . . . Searches Triggered . | . . . . Construction Impeded 1 | . . . 1 Haulers Reinforced . | . . . . Active Scanning Responses . | . . . . Cargo Convoy Interrupts . | . . . . Stealth | -11 -10 -10 -9 --------- Run | Yrd Mat Min Mat Distress Signals 5 | . 3 . 2 Communications Jammed . | . . . . Distress Signals . | . . . . Times Spotted 61 | . 30 11 20 Peak Tracking Total 11 | . 5 3 11 Tactical Retreats 9 | . 1 7 1 Traps | -11 -10 -10 -9 ------- Run | Yrd Mat Min Mat Traps Triggered 2 | . 1 . 1 Indirectly . | . . . . Trap Hack Attempts . | . . . . Triggered . | . . . . Disarmed . | . . . . Reprogrammed . | . . . . Reused . | . . . . Traps Extracted . | . . . . Installed . | . . . . Triggered . | . . . . Machines | -11 -10 -10 -9 ---------- Run | Yrd Mat Min Mat Machines Disabled . | . . . . Max in Single Turn . | . . . . Machines Repaired . | . . . . Machines Dismantled . | . . . . Machines Sabotaged . | . . . . Overloaded Fab Kills . | . . . . Hacking | -11 -10 -10 -9 --------- Run | Yrd Mat Min Mat Machines Accessed 8 | . 8 . . Terminals 5 | . 5 . . Fabricators . | . . . . Repair Stations 1 | . 1 . . Recycling Units 2 | . 2 . . Scanalyzers . | . . . . Garrison Access . | . . . . Total Hacks 26 | . 26 . . Successful 16 | . 16 . . Failed 10 | . 10 . . Catastrophic 1 | . 1 . . Database Lockouts . | . . . . Manual . | . . . . Terminals 17 | . 17 . . Fabricators . | . . . . Repair Stations 2 | . 2 . . Recycling Units 7 | . 7 . . Scanalyzers . | . . . . Garrison Access . | . . . . Terminal Hacks 10 | . 10 . . Record 8 | . 8 . . Prototype ID Bank 1 | . 1 . . Emergency Access Points 1 | . 1 . . Fabricator Hacks . | . . . . Repair Station Hacks 2 | . 2 . . Scan Component 1 | . 1 . . Repair 1 | . 1 . . Recycling Unit Hacks 4 | . 4 . . Process 1 | . 1 . . Report Inventory 3 | . 3 . . Scanalyzer . | . . . . Garrison Access Hacks . | . . . . Unauthorized Hacks . | . . . . Terminals . | . . . . Fabricators . | . . . . Repair Stations . | . . . . Recycling Units . | . . . . Scanalyzers . | . . . . Garrison Access . | . . . . Data Cores Recovered 1 | . 1 . . Used . | . . . . Hacking Detections 5 | . 5 . . Full Trace Events 1 | . 1 . . Feedback Events . | . . . . Feedback Blocked . | . . . . Robot Schematics Acquired . | . . . . Robots Built . | . . . . Authchips . | . . . . Time . | . . . . Total Robot Build Rating . | . . . . Part Schematics Acquired . | . . . . Parts Built . | . . . . Authchips . | . . . . Time . | . . . . Total Part Build Rating . | . . . . Parts Repaired 1 | . 1 . . Time 26 | . 26 . . Parts Recycled . | . . . . Recycled Matter 150 | . 150 . . Retrieved Matter . | . . . . Retrieved Components . | . . . . Parts Scanalyzed . | . . . . Part Schematics Acquired . | . . . . Parts Damaged . | . . . . Bothacking | -11 -10 -10 -9 ------------ Run | Yrd Mat Min Mat Used RIF Installer . | . . . . Robots Hacked . | . . . . Non-combat . | . . . . Combat . | . . . . Robot Hacks Applied . | . . . . Relay Couplers Released . | . . . . Fabnet Peak Effective % . | . . . . Robots Rewired . | . . . . Allies Hacked . | . . . . Hacks Repelled . | . . . . Allies | -11 -10 -10 -9 -------- Run | Yrd Mat Min Mat Total Allies . | . . . . Largest Group . | . . . . Highest-Rated Group . | . . . . Highest-Rated Ally . | . . . . Total Orders . | . . . . Ally Attacks . | . . . . Total Damage . | . . . . Kills . | . . . . Allies Corrupted . | . . . . Allies Melted . | . . . . Intel | -11 -10 -10 -9 ------- Run | Yrd Mat Min Mat Robot Analysis Total . | . . . . Derelict Logs Recovered 2 | . . 2 . Drone Launches . | . . . . Drone Recoveries . | . . . . Exploration | -11 -10 -10 -9 ------------- Run | Yrd Mat Min Mat Turns Passed 4318 | 538 2015 1544 221 Spaces Moved 1694 | 134 885 607 68 Core 19 | 6 13 . . Treads 837 | 128 158 496 55 Legs 825 | . 714 111 . Wheels 13 | . . . 13 Hover . | . . . . Flight . | . . . . Fastest Speed 50 | 50 160 190 120 Average Speed 204 | 156 185 242 211 Slowest Speed 450 | 160 450 330 240 Overloaded Moves . | . . . . Propulsion Burnouts . | . . . . Robots Hopped . | . . . . Cave-ins Triggered . | . . . . Exploration Rate (%) 55 | 18 94 100 10 Regions Visited 3 Branch Regions 1 Pre-discovered Areas . | . . . . Known Exits Taken . | . . . . Unknown Exits Taken 3 | 1 1 1 . Scrap Searched 1 | . . 1 . Spaces Dug . | . . . . Terrain Destroyed 9 | . 9 . . Melee . | . . . . Projectile . | . . . . AOE 9 | . 9 . . Terrain Rammed . | . . . . Walls Destroyed . | . . . . Machines Disabled . | . . . . Actions | -11 -10 -10 -9 --------- Run | Yrd Mat Min Mat Total 2354 | 463 1137 647 107 Wait 472 | 315 129 19 9 Move 1691 | 133 884 606 68 Hop . | . . . . Pick Up 23 | 10 11 2 . Fast Attach . | . . . . Attach 20 | 5 7 2 6 Detach 1 | . . 1 . Swap 6 | . 5 1 . Drop 5 | . 5 . . Fire 126 | . 91 15 20 Melee 5 | . . 1 4 Ram 1 | . 1 . . Kick 3 | . 3 . . Crush 1 | . 1 . . Escape Stasis . | . . . . Rewire . | . . . . Trap . | . . . . Miscellaneous . | . . . . Route ------- -11/Scrapyard -10/Materials (discovered 4 exits: [*Mat x3] / [*Min]) -10/Mines (discovered 2 exits: [*Mat x2]) -9/Materials (discovered 3 exits: Mat x2 / Min) History --------- Turn | Location | Event 10 | -11/Scrapyard | Discovered new exit (range 15) 539 | -11/Scrapyard | Entered Materials 540 | -10/Materials | Build established: Mutant 911 | -10/Materials | Repaired Lgt. Treads 1123 | -10/Materials | Discovered new exit (range 16) 1430 | -10/Materials | Core integrity fell below 50% 1742 | -10/Materials | Discovered new exit (range 13) 2094 | -10/Materials | Discovered new exit (range 9) 2304 | -10/Materials | Discovered new exit (range 16) 2554 | -10/Materials | Entered Mines 2611 | -10/Mines | Discovered new exit (range 9) 2674 | -10/Mines | Core integrity fell below 20% 2892 | -10/Mines | Learned 8 Materials zone layouts 3263 | -10/Mines | Discovered new exit (range 8) 4098 | -10/Mines | Entered Materials 4098 | -9/Materials | Evolved 2 slots: Utility x2 4099 | -9/Materials | Identified exit to Materials 4099 | -9/Materials | Identified exit to Mines 4319 | -9/Materials | Self-destructed Last Messages --------------- U-05 Engineer lays Concrete. K-01 Serf collects debris. U-05 Engineer lays Concrete. Assault Rifle destroyed. U-05 Engineer lays Concrete. K-01 Serf collects debris. U-05 Engineer lays Concrete. Lgt. Treads destroyed. G-34 Mercenary destroyed. Acquired 41 matter. Destroyed Sml. Laser. G-34 Mercenary system corrupted by crushing effect. Hammer destroyed. U-05 Engineer lays Concrete. R-06 Scavenger collects Flight Unit. U-05 Engineer lays Concrete. Lgt. Ion Engine destroyed. U-05 Engineer lays Concrete. W-16 Scout sends out distress signal. Map ----- +----------------------------------------------------+ | ????????????? #=% # T #??????# #???????????? | | ????????????? # # " ######## #???????????? | | ????????#""??> # # ## ######???????????? | | ##### #?#!! ???# ##""### ?? | | ## #?#"" ??# ??? | | # #?#" # ?? | | # #?#### ##%%= #?????###### | | # #????# %= #????? ## | | # #????# [%[[ #????? ## | | ## #????# *= !!! #????? ## | | ##### #???## !! #????? ## " | | ????# #???# !! #?????""" ## "" | | ????# #???# #?????""" ## "" | | ????# #???# #?????""" ## "" | | ????# #???# ###????? ## " | | ????# #???# #???????###### "" | | ??### #######+#########+##### #????????# #?# "" | | ### # ??????#! * #???#???????##/### "" | | # """???????#=""" #??????????? # " | | # """???????#g"""g#??????????? # | | # """???????#g""" #??????????? # | | # ???????# """w#??????????? # | | " """ # " "???????# #??????????? + | | " """ # "R"???????# """ #???????????###### ### | | " """ # """???????# """ #???????????###### ### | | # ???????# """@#??????????? # # | | #####???????# """a#???????????""" # # | | " """ #?????####### #???????????""" # # | | " """ #?????# ####+### # ""???????????? | | " """ ####### # # ""???????????? | | ! + # ""???????????? | | %!= % # # ""???????????? | | ### %* ###+#### # ""???????????? | | ??# ######## ## ## # ???????????? | | #####+#####????# ## ## ####???????????? | | # #????# ## " ## ##?????????????? | | # #????# ## ""## #?????????????? | | # #????# ## ""##########?????????????? | | # #????# ## """#??????????????????????? | | # #????# ## "" #??????????????????????? | | # #????###### """#??????????????????????? | | # #?????????# """#??????????????????????? | | # #?????????# """#??????????????????????? | | ###########?????????# " #??????????????????????? | | ????????????????????# #??????????????????????? | | ????????????????????#######??????????????????????? | | ?????????????????????????????????????????????????? | | ?????????????????????????????????????????????????? | | ?????????????????????????????????????????????????? | | ?????????????????????????????????????????????????? | +----------------------------------------------------+ Best States ------------- Heat Dissipation 28 Energy Generation 10 Energy Capacity 250 Matter Stores 300 Matter Capacity 300 Sight Range 16 Terrain Scan Density 10 Armor Coverage 150 Evasion (%) 40 Recoil Reduction 2 Item Schematics ----------------- None Robot Schematics ------------------ None Fabricated ------------ Nothing Alien Tech Used ----------------- None Achievements -------------- None Challenges ------------ None Game ------ Seed EtherialHeatCasing Manual? 0 Play Time 00:32:06 Cumulative 7.1 hours Start 2024.04.01 @ 02:41:07 End 2024.04.01 @ 07:31:48 Sessions 3 Manual Loads 0 Difficulty Rogue Special Mode None Game No. 8 Rogue 5 Adventurer 3 Explorer 0 Win Type - Total 0 Types 0/0/0/0/0/0/0/0/0 Lore% 7 Gallery% 9 Achievement% 7 Wizard Run 0 Options --------- Layout 1 ASCII 0 Keyboard 0 Movement Mouse Keybinds 0 Fullscreen 1 Font 32/SmallcapsGlow Map View 50x35 Zoom Use 0% Tactical HUD 0 Map Filters NONE Filters NONE Steam 1 RUN: aec13c24-36bc-440c-89a1-a715198ae242